AoeStats
← JeanC

Nomad

510170767Analyzed
4v4 RM · 3d ago on Sep 29, 2026· 42m 12s· 8 players
Game mode
Random Map
Map size
231×231
Population
200
Speed
Normal
Resources
Standard
Victory
Conquest
Starting age
Dark Age
Ending age
Imperial Age
RankedLock teamsTeams togetherTeam positionsShared explorationLock speedFull tech treeHidden civsTurbo modeCheats
Victory
Defeat
🇫🇷 Lithuanians · France
1063
+14
🇩🇪 Vietnamese · Germany
1051
+15
🇩🇪 Romans · Germany
1018
+16
🇷🇺 Danes · Russia
993
+17
🇦🇷 Koreans · Argentina
1074
-17
🇨🇳 Mongols · China
1043
-16
🇨🇴 Gurjaras · Colombia
1000
-45
🇵🇱 Huns · Poland
978
-14
iCrasher
3:43 Loom
15:21 Feudal Age
16:09 Double-Bit Axe
17:02 Wheelbarrow
19:18 Man-at-Arms
20:44 Gold Mining
29:15 Castle Age
28:53 Stone Mining
31:58 Bow Saw
31:27 Long Swordsman
35:57 Pikeman
37:35 Gold Shaft Mining
37:19 Scale Mail Armor
Melkro
8:13 Loom
12:32 Feudal Age
17:51 Castle Age
16:37 Stone Mining
17:49 Double-Bit Axe
18:42 Fletching
22:08 Bloodlines
25:17 Scale Barding Armor
25:45 Gold Mining
28:32 Forging
29:01 Horse Collar
30:03 Heavy Plow
31:26 Chain Barding Armor
31:49 Wheelbarrow
33:24 Husbandry
36:52 Imperial Age
36:52 Iron Casting
37:08 Hand Cart
37:13 Elite Leitis
40:03 Conscription
42:58 Plate Barding Armor
JeanC
3:04 Loom
13:36 Feudal Age
14:06 Double-Bit Axe
14:15 Gold Mining
16:43 Fletching
16:54 Town Watch
17:44 Padded Archer Armor
19:34 Horse Collar
22:38 Wheelbarrow
25:58 Castle Age
26:02 Crossbowman
26:39 Bodkin Arrow
27:00 Leather Archer Armor
27:01 Bow Saw
27:40 Thumb Ring
29:30 Stone Mining
29:40 Elite Skirmisher
30:53 Forging
34:06 Ballistics
35:14 Hand Cart
43:51 Imperial Age
41:29 Murder Holes
Artem
3:23 Loom
14:46 Feudal Age
16:04 Wheelbarrow
15:16 Double-Bit Axe
20:34 Castle Age
18:48 Stone Mining
19:21 Gold Mining
19:44 Town Watch
21:11 Horse Collar
21:52 Heavy Plow
30:42 Gambesons
30:58 Squires
30:45 Arson
31:01 Squires
31:25 Forging
33:09 Iron Casting
32:34 Scale Mail Armor
32:33 Hamask
34:47 Chain Mail Armor
43:50 Imperial Age
DEEP DARK FANTASY
8:54 Loom
16:25 Feudal Age
20:18 Double-Bit Axe
23:43 Wheelbarrow
26:51 Castle Age
27:00 Stone Mining
27:06 Gold Mining
27:35 Padded Archer Armor
35:42 Horse Collar
JohnSalchichon
12:42 Feudal Age
11:16 Loom
13:59 Double-Bit Axe
13:59 Fishing Lines
18:59 Castle Age
17:21 Horse Collar
21:20 Wheelbarrow
22:05 Bow Saw
21:53 Town Watch
29:22 Fletching
33:31 Imperial Age
31:49 Bodkin Arrow
34:36 Conscription
34:52 Hand Cart
35:44 Bracer
kkkkkkkkk10
7:36 Loom
13:20 Feudal Age
15:44 Wheelbarrow
19:50 Castle Age
18:03 Man-at-Arms
19:54 Stone Mining
19:53 Double-Bit Axe
19:49 Horse Collar
19:54 Fishing Lines
21:54 Long Swordsman
26:54 Heavy Plow
27:09 Marauders
27:13 Husbandry
28:42 Scale Barding Armor
31:58 Forging
32:09 Gold Mining
35:00 Gillnets
35:45 Hand Cart
39:24 Imperial Age
39:25 Elite Tarkan
40:28 Conscription
jpvt1208
6:21 Loom
22:15 Feudal Age
Connection lost

Rejoining the realm…

Still unreachable

The connection could not be restored.

Session expired

The server has moved on; the page needs a fresh start.